 Dungeon Crawl Stone Soup version 0.22-a0-799-g88f5e90 (webtiles) character file.

450 iamserjio the Conjurer (level 7, -2/36 HPs)
             Began as a Tengu Fire Elementalist on July 21, 2018.
             Was an Initiate of Vehumet.
             Slain by a centaur
             ... wielding a cursed -1 shortbow
              (6 damage)
             ... on level 5 of the Dungeon.
             The game lasted 00:15:30 (1669 turns).

iamserjio the Conjurer (Tengu Fire Elementalist)    Turns: 1669, Time: 00:15:31

Health: -2/36      AC:  4    Str:  6 (8)  XL:     7   Next: 4%
Magic:  9/14       EV: 12    Int: 17 (18) God:    Vehumet [......]
Gold:   185        SH:  0    Dex: 14 (16) Spells: 1/14 levels left

rFire    . . .     SeeInvis .   u - +3 falchion (slice)
rCold    . . .     Gourm    .   (no shield)
rNeg     . . .     Faith    .   k - +2 robe
rPois    .         Spirit   .   (helmet restricted)
rElec    .         Reflect  .   (no cloak)
rCorr    .         Harm     .   (no gloves)
MR       .....                  (boots unavailable)
Stlth    ++........             (no amulet)
HPRegen  0.12/turn              (no ring)
MPRegen  0.14/turn              (no ring)

@: no status effects
A: beak, horns 1, talons 3, agile 1, able to fly 1
a: Fly, Renounce Religion


You were on level 5 of the Dungeon.
You worshipped Vehumet.
Vehumet was noncommittal.
You were not hungry.

You visited 2 branches of the dungeon, and saw 7 of its levels.

You collected 185 gold pieces.

Inventory:

Hand Weapons
 b - a +0 dagger
 o - a +4 dagger
 u - a +3 falchion of slicing (weapon)
Missiles
 d - 15 poisoned needles
 l - 30 sling bullets
 t - 16 arrows
Armour
 a - a +0 robe
 k - a +2 robe (worn)
 s - a cursed +0 leather armour
Jewellery
 p - an uncursed amulet of guardian spirit
Scrolls
 f - 2 scrolls of blinking
 h - a scroll of identify {unknown}
 i - 2 scrolls of remove curse {@r2}
 j - a scroll of enchant armour {unknown}
 n - a scroll of enchant weapon
Potions
 m - a potion of degeneration
Comestibles
 c - 8 rations


   Skills:
 + Level 0.0 Fighting
 + Level 2.1 Dodging
 - Level 2.0 Stealth
 + Level 4.0 Spellcasting
 + Level 5.6 Conjurations
 + Level 5.6 Fire Magic


You had one spell level left.
You knew the following spells:

 Your Spells              Type           Power        Failure   Level  Hunger
a - Flame Tongue          Conj/Fire      ###..        1%          1    None
b - Sticky Flame          Conj/Fire      ###.....     16%         4    ####...
c - Conjure Flame         Conj/Fire      ###.....     4%          3    ###....
d - Fireball              Conj/Fire      ###.......   41%         5    ######.

Your spell library contained the following spells:

 Spells                   Type           Power        Failure   Level  Hunger
 Confuse                  Hex            #.......     43%         3    ###....
 Throw Flame              Conj/Fire      ###...       2%          2    ##.....
 Confusing Touch          Hex            #.....       16%         1    None
 Metabolic Englaciation   Hex/Ice        #.........   99%         5    ######.
 Petrify                  Tmut/Erth      #.......     83%         4    ####...
 Inner Flame              Hex/Fire       ##......     16%         3    ###....
 Gell's Gravitas          Tloc           #.........   43%         3    ###....
 Yara's Violent Unravell  Hex/Tmut       #.........   99%         5    ######.


Dungeon Overview and Level Annotations

Branches:
Dungeon (6/15)             Temple (1/1) D:4

Altars:
Ashenzari
Dithmenos
Makhleb
Qazlal
Ru
Sif Muna
Trog
Uskayaw
Vehumet
Yredelemnul
Zin
The Shining One

Annotations:
D:2 Terence


Innate Abilities, Weirdness & Mutations

You have a beak for a mouth.
You have claws for feet.
You can fly.
You have a pair of small horns on your head.
You are agile. (Dex +2)


Message History

Confirm with . or Enter, or press ? or * to list all spells.
Aiming: Sticky Flame (slightly dangerous; 16% risk of failure)
Press: ? - help, Shift-Dir - straight line, f - centaur
Aim: a centaur, wielding a shortbow (lightly wounded)
The sticky flame hits the centaur.
The centaur is lightly wounded.
The centaur is covered in liquid flames!
The centaur burns!
The centaur hits you but does no damage.
Casting: Sticky Flame (slightly dangerous; 16% risk of failure)
Confirm with . or Enter, or press ? or * to list all spells.
Aiming: Flame Tongue (safe; 1% risk of failure)
Press: ? - help, Shift-Dir - straight line, f/p - centaur
Aim: a centaur, wielding a shortbow (moderately wounded, covered in liquid flames)
The flame tongue hits the centaur.
The centaur is severely wounded.
The centaur burns!
The centaur hits you with a shortbow.
* * * LOW HITPOINT WARNING * * *
The centaur hits you with a shortbow.
You die...

###### #.# .....## #.#
###...## #.#
#.....##########.#
##................#######
.......#########.........
###...## #.######## #
##.## #.# # .# #@# # ..
......c.# ### #########


You could see a centaur (burning).

Vanquished Creatures
  Sigmund (D:2)
  A crimson imp (D:6)
  A hound (D:4)
  3 orc priests (D:4)
  A bullfrog skeleton (D:5)
  A worker ant (D:4)
  3 adders
  2 worms
  3 dart slugs
  2 leopard geckos
  10 orcs (D:4)
  2 giant cockroaches
  2 goblins
  7 hobgoblins
  5 kobolds
  2 quokkas
  A ball python (D:3)
  8 bats
  A frilled lizard (D:2)
  4 rats (D:1)
60 creatures vanquished.

Notes
Turn   | Place    | Note
-------+----------+-------------------------------------------
     0 | D:1      | iamserjio the Tengu Fire Elementalist began the quest for the Orb.
     0 | D:1      | Reached XP level 1. HP: 10/10 MP: 4/4
    66 | D:1      | Reached XP level 2. HP: 8/15 MP: 4/6
   259 | D:2      | Reached XP level 3. HP: 13/19 MP: 8/8
   267 | D:2      | Noticed Sigmund
   322 | D:2      | Killed Sigmund
   322 | D:2      | Reached XP level 4. HP: 13/24 MP: 8/10
   322 | D:2      | Gained mutation: You can fly. [Tengu growth]
   322 | D:2      | Reached XP level 5. HP: 15/28 MP: 8/11
   541 | D:2      | Noticed Terence
   608 | D:3      | Learned a level 4 spell: Sticky Flame
   612 | D:3      | Learned a level 3 spell: Conjure Flame
   719 | D:4      | Reached XP level 6. HP: 28/32 MP: 10/13
   943 | D:4      | Learned a level 5 spell: Fireball
   965 | D:4      | Found a staircase to the Ecumenical Temple.
   972 | D:4      | Reached skill level 5 in Fire Magic
   981 | Temple   | Entered the Ecumenical Temple
  1004 | Temple   | Became a worshipper of Vehumet
  1193 | D:4      | Gained mutation: You have a pair of small horns on your head. [potion of mutation]
  1193 | D:4      | Gained mutation: You are agile. (Dex +2) [potion of mutation]
  1196 | D:4      | Reached skill level 5 in Conjurations
  1303 | D:4      | Found a basalt altar of Yredelemnul.
  1380 | D:5      | Entered Level 5 of the Dungeon
  1634 | D:6      | Reached XP level 7. HP: 7/36 MP: 14/14
  1669 | D:5      | Slain by a centaur

Vault maps used:
D:1:      lightli_molten_gateway, glass_columns_b
D:2:      serial_glass, glass_columns_b, glass_columns_a,
          okawaru_altar_gauntlet_db, uniq_jessica, uniq_terence, uniq_sigmund
D:3:      first_ration, hangedman_decor_clover_reticule, minmay_crystal_room
D:4:      lemuel_coloured_pillars_altar, minmay_temple_entry_purple_smoke,
          lemuel_blue_sif_altar
D:5:      kennysheep_generic_room_15
Temple:   regret_index_temple_sigil_plot

Skill      XL: |  1  2  3  4  5  6 |
---------------+-------------------+-----
Conjurations   | 2 3 4 5 |  5.6
Spellcasting   | 3 4 |  4.0
Fire Magic     | 4 5 |  5.6
Dodging        | |  2.1
Stealth        | |  2.0

Action                   |  1- 3 |  4- 6 |  7- 9 || total
-------------------------+-------+-------+-------++-------
Melee: Dagger            |    10 |    32 |       ||    42
       Peck              |     2 |     8 |     1 ||    11
       Kick              |     3 |    19 |       ||    22
       Unarmed           |    13 |     2 |       ||    15
       Falchion          |       |    34 |     1 ||    35
       Headbutt          |       |     7 |       ||     7
 Cast: Flame Tongue      |    17 |    68 |     1 ||    86
       Sticky Flame      |       |     1 |     1 ||     2
Evoke: Wand              |       |     2 |       ||     2
  Use: Potion            |     1 |     6 |       ||     7
       Scroll            |       |     5 |       ||     5
 Stab: Sleeping          |     3 |     1 |       ||     4
  Eat: Chunk             |       |     3 |       ||     3
Armor: Robe              |     2 |    21 |     1 ||    24
       Skin              |       |     3 |       ||     3
Dodge: Dodged            |    13 |    65 |     1 ||    79
       Rpst.: Falchion   |       |     9 |       ||     9

Table legend:
 A = Spawn XP
 B = Non-spawn XP
 C = Spawn XP percentage of total XP
 D = Spawn monster count
 E = Non-spawn monster count
 F = Spawn count percentage of total count
 G = Total turns spent on level
                    A         B        C        D         E        F      G
               +---------+---------+-------+---------+---------+-------+---------
         Total |       0 |     643 |   0.0 |       0 |      60 |   0.0 |  1669
               +---------+---------+-------+---------+---------+-------+---------
           D:1 |       0 |      27 |   0.0 |       0 |      14 |   0.0 |   212
           D:2 |       0 |     226 |   0.0 |       0 |       9 |   0.0 |   245
           D:3 |       0 |      38 |   0.0 |       0 |      15 |   0.0 |   260
           D:4 |       0 |     252 |   0.0 |       0 |      17 |   0.0 |   722
           D:5 |       0 |      50 |   0.0 |       0 |       4 |   0.0 |   175
           D:6 |       0 |      50 |   0.0 |       0 |       1 |   0.0 |    11
               +---------+---------+-------+---------+---------+-------+---------
